 Dungeon Crawl Stone Soup version 0.29.1-2-gbd0b4ee654 (webtiles) character file.

Game seed: 11276218535364213270

7870 Icepheonix32 the Protected (level 11, -1/102 HPs)
             Began as a Minotaur Fighter on Oct 24, 2022.
             Shot with an arrow by a centaur (2 damage)
             ... on level 10 of the Dungeon.
             The game lasted 00:12:06 (11122 turns).

Icepheonix32 the Protected (Minotaur Fighter)      Turns: 11122, Time: 00:12:07

Health: -1/102     AC: 22    Str: 21    XL:     11   Next: 2%
Magic:  10/10      EV: 10    Int:  7    God:
Gold:   526        SH:  0    Dex: 12    Spells: 10/10 levels left

rFire   + . .      SeeInvis .   J - +3 morningstar
rCold   . . .      Faith    .   (no shield)
rNeg    . . .      Spirit   .   m - +2 chain mail {rF+}
rPois   +          Reflect  .   B - +2 hat
rElec   .          Harm     .   C - +1 cloak
rCorr   .          Rampage  .   (no gloves)
Will    .....                   (no boots)
Stlth   ..........              (no amulet)
HPRegen 0.27/turn               p - ring of poison resistance
MPRegen 0.12/turn               v - +4 ring of protection

@: mighty, studying Maces & Flails
A: horns 2, retaliatory headbutt
a: no special abilities


You were on level 10 of the Dungeon.
You visited 2 branches of the dungeon, and saw 11 of its levels.

You collected 526 gold pieces.

Inventory:

Hand Weapons
 q - a +2 morningstar of flaming
 x - a +2 whip of electrocution
 D - a +3 hand axe
 G - a +3 whip of venom
 H - a +5 scimitar
 I - a +5 long sword
 J - a +3 morningstar (weapon)
Missiles
 a - 6 boomerangs
 i - 4 atropa-tipped darts (quivered)
 y - 5 boomerangs of dispersal
 F - a curare-tipped dart
 K - a throwing net
Armour
 c - a +0 buckler
 m - a +2 chain mail of fire resistance (worn)
 B - a +2 hat (worn)
 C - a +1 cloak (worn)
Magical Staves
 h - a staff of death
Jewellery
 o - a ring of flight
 p - a ring of poison resistance (left hand)
 u - a ring of resist corrosion
 v - a +4 ring of protection (right hand)
 A - a ring of magical power
Wands
 s - a wand of flame (35)
 M - a wand of roots (4)
Scrolls
 f - 3 scrolls of amnesia
 g - 9 scrolls of teleportation
 j - 4 scrolls of poison
 k - 2 scrolls of magic mapping
 n - 2 scrolls of identify
 r - a scroll of butterflies
 t - 4 scrolls of enchant weapon
 z - a scroll of immolation
Potions
 b - 2 potions of heal wounds
 d - a potion of might
 e - a potion of haste
 l - 6 potions of curing
 w - a potion of brilliance
 L - a potion of mutation {unknown}


   Skills:
 * Level 11.4 Fighting
 + Level 2.5 Long Blades
 - Level 4.7(7.3) Axes
 - Level 7.5(8.1) Maces & Flails
 + Level 3.9(5.0) Polearms
 + Level 0.6 Throwing
 + Level 12.0 Armour
 + Level 4.9 Dodging
 + Level 1.6 Stealth
 + Level 6.1 Shields


You had 10 spell levels left.
You didn't know any spells.
Your spell library contained the following spells:

 Spells                   Type           Power      Damage    Failure   Level
 Freeze                   Ice            0%         1d3       95%         1
 Necrotise                Necr           0%         1d4       95%         1
 Sandblast                Erth           0%         2d4       95%         1
 Ensorcelled Hibernation  Hex/Ice        0%         N/A       99%         2
 Passwall                 Tmut/Erth      0%         N/A       99%         2
 Frozen Ramparts          Ice            0%         1d1       100%        3
 Spider Form              Tmut/Pois      0%         N/A       100%        3
 Stone Arrow              Conj/Erth      0%         3d7       100%        3
 Vampiric Draining        Necr           0%         2d6       100%        3
 Anguish                  Hex/Necr       0%         N/A       100%        4
 Hailstorm                Conj/Ice       0%         3d3       100%        4
 Agony                    Necr           0%         N/A       100%        5
 Enfeeble                 Hex            0%         N/A       100%        7


Dungeon Overview and Level Annotations

Branches:
Dungeon (10/15)            Temple (1/1) D:5            Lair (0/5) D:9
    Orc: D:9-12

Altars:
Ashenzari
Cheibriados
Dithmenos
Elyvilon
Fedhas
Gozag
Hepliaklqana
Kikubaaqudgha
Makhleb
Nemelex Xobeh
Qazlal
Ru
Sif Muna
Trog
Uskayaw
Vehumet
Wu Jian
Xom
Yredelemnul
Zin
The Shining One

Shops:
D:2 =   D:8 ?


Innate Abilities, Weirdness & Mutations

You have a pair of horns on your head.
You reflexively headbutt those who attack you in melee.


Message History

You hit the boulder beetle but do no damage.
The boulder beetle closely misses you.
The boulder beetle stops rolling and uncurls.
You sock the boulder beetle!
The boulder beetle is lightly wounded.
The boulder beetle bites you!!
You barely miss the boulder beetle. You headbutt the boulder beetle.
The boulder beetle is lightly wounded.
You hear the faint creaking of a portcullis nearby.
The boulder beetle leaps!
The boulder beetle curls into a ball and begins rolling!
You puncture the boulder beetle!
The boulder beetle is moderately wounded.
The boulder beetle hits you!!!
* * * LOW HITPOINT WARNING * * *
The boulder beetle stops rolling and uncurls.
You hear two shouts!
You hear a shout!
You hear a bellow!
You hit the boulder beetle. You headbutt the boulder beetle!
Your punch misses the boulder beetle.
The boulder beetle is heavily wounded.
The boulder beetle bites you.
* * * LOW HITPOINT WARNING * * *
You feel much better.
A two-headed ogre comes into view. It is wielding two +0 giant clubs.
The boulder beetle bites you!
* * * LOW HITPOINT WARNING * * *
A centaur comes into view.
You hit the boulder beetle but do no damage.
You headbutt the boulder beetle!
The boulder beetle is severely wounded.
The centaur wields a +0 shortbow.
The centaur shoots an arrow.
The arrow closely misses you.
The boulder beetle bites you but does no damage.
You puncture the boulder beetle!
The boulder beetle is severely wounded.
The centaur shoots an arrow.
The arrow hits you!
* * * LOW HITPOINT WARNING * * *
The boulder beetle bites you but does no damage.
The centaur shoots an arrow.
The arrow hits you.
You die...

,,,,,,,,,,*,,.(..((..,*###..#****
,,,,,,,,,*#..#.#().8..,.....#
*8*,*,,,,##..((....((,,.....#*
*∩*,*,,,,.....#.O.8.###.....,**
8,*,*,,,,............#........##
*,*,*,,,,........#.8....#**....##
*,8,*,,,,...............# *#....#
*,*,*,,,,.......B......## #.....
8,*,*,,,,c.....(@.......####.....
*,*,*,,,,................##......
*,8,**,,*#..$....................
*,*,*,,,,...........###..........
*+***,***...........# ###........
,,,,,****.#.........#* #........
,,,,,***,*#.###......#* #........
,*,,,,**,*..*,##...#..###........
,,,,,,,,,,,,,,**,,,*#..#.....###.


You could see a boulder beetle, a two-headed ogre and a centaur.

Vanquished Creatures
  Gastronok (D:8)
  The ghost of drewk1942 the Thaumaturge, a novice DjFE of Ashenzari (D:9)
  A gargoyle (D:10)
  The ghost of Icepheonix32 the Trooper, an amateur MiFi (D:4)
  A troll (D:9)
  A wyvern (D:9)
  6 yaks (D:9)
  A wraith (D:10)
  An acid dragon (D:8)
  A water moccasin (D:6)
  Duvessa (D:5)
  A black bear (D:4)
  2 ice beasts
  4 orc warriors
  A centaur (D:7)
  3 ogres
  A phantom (D:5)
  A kobold brigand (D:8)
  2 scorpions
  2 necrophages
  18 wights
  A wyvern skeleton (D:4)
  Dowan (D:5)
  The ghost of CBASSkasper the Trooper, a weakling MiFi of Vehumet (D:3)
  9 killer bees
  A howler monkey (D:6)
  A centaur zombie (D:4)
  4 hounds
  A bullfrog zombie (D:4)
  A jelly (D:5)
  8 orc priests
  A gnoll bouda (D:8)
  A bullfrog skeleton (D:4)
  Jessica (D:2)
  5 iguanas
  Ijyb (D:4)
  5 orc wizards
  Terence (D:2)
  A hound skeleton (D:7)
  Robin (D:2)
  9 gnolls
  11 adders
  A shadow imp (D:6)
  An ufetubus (D:6)
  2 dart slugs (D:4)
  48 orcs
  7 endoplasms
  3 giant cockroaches
  14 goblins
  5 hobgoblins
  9 kobolds
  7 quokkas
  9 ball pythons
  5 bats
  5 frilled lizards
  7 rats
239 creatures vanquished.

Notes
Turn   | Place    | Note
-------+----------+-------------------------------------------
     0 | D:1      | Icepheonix32 the Minotaur Fighter began the quest for the
                  | Orb.
     0 | D:1      | Reached XP level 1. HP: 19/19 MP: 0/0
   177 | D:1      | Reached XP level 2. HP: 25/27 MP: 1/1
   556 | D:1      | Reached skill level 4 in Armour
  1090 | D:2      | Reached XP level 3. HP: 33/33 MP: 2/2
  1158 | D:2      | Noticed Jessica
  1163 | D:2      | Killed Jessica
  1164 | D:2      | Reached XP level 4. HP: 41/41 MP: 3/3
  1174 | D:2      | Noticed Terence
  1183 | D:2      | Killed Terence
  1226 | D:2      | Noticed Robin
  1239 | D:2      | Killed Robin
  1240 | D:2      | Reached skill level 1 in Dodging
  1453 | D:2      | Reached XP level 5. HP: 47/47 MP: 4/4
  1539 | D:2      | Found Ufuen's Jewellery Shoppe.
  1776 | D:3      | Found a hide-covered altar of Uskayaw.
  1789 | D:3      | Reached skill level 5 in Fighting
  1795 | D:3      | Noticed an ogre
  1801 | D:3      | Killed an ogre
  1802 | D:3      | Reached skill level 1 in Maces & Flails
  1802 | D:3      | Reached XP level 6. HP: 56/56 MP: 5/5
  1969 | D:3      | Found a bloodstained altar of Trog.
  2182 | D:3      | Found a runed translucent door.
  2182 | D:3      | Noticed CBASSkasper's ghost (weakling MiFi)
  2211 | D:3      | Killed CBASSkasper's ghost
  2487 | D:4      | Reached skill level 5 in Armour
  2878 | D:4      | Found a runed translucent gate.
  2878 | D:4      | Found a runed translucent gate.
  2878 | D:4      | Found a runed translucent gate.
  2879 | D:4      | Noticed Icepheonix32's ghost (amateur MiFi)
  3069 | D:4      | Reached XP level 7. HP: 55/62 MP: 6/6
  3073 | D:4      | Noticed Ijyb
  3095 | D:4      | Killed Ijyb
  3774 | D:4      | Killed Icepheonix32's ghost
  3777 | D:4      | Reached skill level 5 in Maces & Flails
  3777 | D:4      | Reached skill level 6 in Armour
  3786 | D:4      | Reached XP level 8. HP: 57/71 MP: 7/7
  3916 | D:5      | Entered Level 5 of the Dungeon
  3999 | D:5      | Found a staircase to the Ecumenical Temple.
  4129 | Temple   | Entered the Ecumenical Temple
  4129 | Temple   | Found a transporter.
  4129 | Temple   | Found a transporter.
  4131 | Temple   | Found a transporter.
  4131 | Temple   | Found a transporter.
  4413 | D:5      | Noticed Dowan
  4418 | D:5      | Noticed Duvessa
  4421 | D:5      | Killed Dowan
  4428 | D:5      | Killed Duvessa
  4918 | D:5      | Reached skill level 7 in Armour
  6142 | D:6      | Reached XP level 9. HP: 78/81 MP: 8/8
  6228 | D:6      | Found an ornate altar of the Wu Jian Council.
  6779 | D:7      | Reached skill level 8 in Armour
  7051 | D:7      | Reached skill level 5 in Shields
  7191 | D:7      | Found a burning altar of Makhleb.
  7198 | D:7      | Reached skill level 1 in Stealth
  7467 | D:8      | Noticed Gastronok
  7481 | D:8      | Killed Gastronok
  7482 | D:8      | Reached skill level 9 in Armour
  7698 | D:8      | Reached skill level 10 in Armour
  7882 | D:8      | Reached XP level 10. HP: 88/91 MP: 9/9
  7999 | D:8      | Found Gitudur's Magic Scroll Emporium.
  8358 | D:8      | Reached skill level 1 in Polearms
  8992 | D:8      | Reached skill level 10 in Fighting
  9294 | D:9      | Found a staircase to the Lair.
  9808 | D:9      | Reached skill level 1 in Long Blades
 10290 | D:9      | Reached skill level 11 in Armour
 10455 | D:9      | Noticed drewk1942's ghost (novice DjFE)
 10468 | D:9      | Found a runed translucent gate.
 10472 | D:9      | Found a runed translucent gate.
 10472 | D:9      | Found a runed translucent gate.
 10900 | D:9      | Killed drewk1942's ghost
 11026 | D:9      | Identified a scroll of acquirement
 11027 | D:9      | Acquired a manual of Maces & Flails
 11067 | D:10     | Entered Level 10 of the Dungeon
 11079 | D:10     | Reached skill level 12 in Armour
 11093 | D:10     | Noticed a gargoyle
 11094 | D:10     | Found the +6 shillelagh "Devastator" {shatter}
 11095 | D:10     | Noticed a boulder beetle
 11101 | D:10     | Killed a gargoyle
 11102 | D:10     | Reached XP level 11. HP: 96/102 MP: 10/10
 11118 | D:10     | HP: 5/102 [boulder beetle (48)]
 11120 | D:10     | Noticed a two-headed ogre
 11122 | D:10     | HP: 1/102 [centaur/arrow (9)]
 11122 | D:10     | Shot with an arrow by a centaur

Illustrated notes

Levels and vault maps discovered:
D:1:      dpeg_arrival_rooms_b, layout_basic, minmay_tromino_v2
D:2:      layout_rooms, serial_shops, shop, uniq_jessica, uniq_robin,
          uniq_terence
D:3:      layout_rooms, mainiacjoe_overflow_cross_hatched,
          mainiacjoe_overflow_boulevard, gammafunk_ghost_grave
D:4:      layout_basic, gammafunk_ghost_necromancy, uniq_ijyb
D:5:      layout_layer_cave, minmay_temple_entry_mini_moons, uniq_duvessa
D:6:      layout_layer_cave, mainiacjoe_overflow_chevrons
D:7:      layout_basic, makhleb_blood_cavern_becter
D:8:      layout_basic, special_room [special_room_orc], serial_shops,
          nicolae_take_the_stairs, uniq_gastronok
D:9:      layout_basic, lair_entry_dummy, gammafunk_ghost_split
D:10:     layout_layer_cave, mainiacjoe_overflow_surrounded_room,
          enter_bailey_8, dilly_guarded_unrand_devastator
Temple:   hellmonk_temple_divided_pantheon

Skill      XL: |  1  2  3  4  5  6  7  8  9 10 |
---------------+-------------------------------+-----
Fighting       | 4 5 6 8 9 11 | 11.4
Armour         | 4 5 6 7 10 12 | 12.0
Axes           | 3 4 |  4.7
Dodging        | 1 2 3 4 |  4.9
Maces & Flails | 1 3 5 7 |  7.5
Shields        | 4 6 |  6.1
Stealth        | 1 |  1.6
Polearms       | 3 |  3.9
Long Blades    | 2 |  2.5
Throwing       | |  0.6

Action                   |  1- 3 |  4- 6 |  7- 9 | 10-12 || total
-------------------------+-------+-------+-------+-------++-------
Melee: War axe           |    66 |    42 |       |       ||   108
       Headbutt          |     9 |    17 |    62 |    55 ||   143
       Whip              |       |    81 |   301 |       ||   382
       Glaive            |       |       |     3 |   122 ||   125
       Morningstar       |       |       |       |    90 ||    90
       Scimitar          |       |       |       |    20 ||    20
       Long sword        |       |       |       |    17 ||    17
Throw: Dart              |       |     3 |     1 |     2 ||     6
       Boomerang         |       |       |       |     4 ||     4
  Use: Scroll            |     4 |     3 |    11 |     3 ||    21
       Potion            |     1 |     1 |     6 |     3 ||    11
 Stab: Invisible         |       |       |     1 |       ||     1
Armor: Scale mail        |    47 |    13 |       |       ||    60
       Chain mail        |       |    52 |   159 |   284 ||   495
Dodge: Dodged            |    44 |    41 |    98 |   192 ||   375
Block: Buckler           |    16 |    23 |    58 |       ||    97
